Map: Opérations galactiques EC

Players

Kwisatz

  • Race: Zerg Zerg
  • League: Platinum
  • Spawn Location: 7:00

zidar - Winner!

  • Race: Zerg Zerg
  • League: Platinum
  • Spawn Location: 1:00

VOD

Have the link to the VOD?

Description

Time

  • Played on: Nov. 4, 2016, 3:14 p.m.
  • Length: 4:15
Show
View Real Time Build Order
Export as new Build Order

Kwisatz Zerg 

Build Orders: Pool First 

Get SALT Encoding   

  12  0:01  Drone  
  13  0:13  Overlord  
  13  0:17  Drone  
  14  0:32  Drone x2  
  16  0:45  Spawning Pool  
  16  0:46  Drone  
  16  0:51  Extractor  
  16  0:52  Drone  
  16  1:11  Drone  
  16  1:12  Drone  
  18  1:25  Overlord  
  18  1:36  Queen, Drone  
  21  1:50  Hatchery  
  19  2:02  Metabolic Boost  
  19  2:22  Zergling x4  
  21  2:23  Zergling x2  
  22  2:34  Drone  
  23  2:42  Baneling Nest  
  22  2:45  Drone  
  22  2:46  Drone  
  24  2:52  Overlord  
  24  3:09  Drone  
  24  3:10  Queen, Drone x2  
  29  3:18  Zergling x4  
  31  3:25  Baneling x2  
Show
View Real Time Build Order
Export as new Build Order

zidar Zerg - Winner!

Build Orders: 1 Base Baneling Bust, Pool Only 

Get SALT Encoding   

  12  0:01  Drone  
  13  0:08  Drone  
  14  0:25  Extractor  
  13  0:31  Spawning Pool  
  13  0:33  Extractor  
  13  0:35  Drone  
  12  0:50  Drone  
  12  0:51  Drone  
  14  0:58  Overlord  
  14  1:11  Overlord  
  14  1:20  Metabolic Boost  
  14  1:28  Zergling x2  
  15  1:37  Queen  
  17  1:42  Zergling x2  
  18  2:02  Zergling x6  
  21  2:15  Zergling x2  
  22  2:24  Baneling Nest  
  22  2:25  Zergling x2  
  22  2:35  Zergling x2  
  23  2:46  Zergling x2  
  23  2:47  Zergling x4  
  26  3:21  Zergling x6  
  26  3:24  Baneling x2  
Tags
 
Add a new tag
Caveats
  • Supply blocks, unpowered buildings, or Contaminate may cause inaccurate times.
  • Supply counts are checked every 10 seconds.